 Dungeon Crawl Stone Soup version 0.29-a0-825-g72347fce65 (webtiles) character file.

Game seed: 17758000892834742583

38633 RepoMan the Covert (level 13, -5/70 HPs)
             Began as a Spriggan Brigand on July 11, 2022.
             Slain by an orc knight
             ... wielding a +0 great sword
              (13 damage)
             ... on level 2 of the Orcish Mines.
             The game lasted 03:01:22 (24898 turns).

RepoMan the Covert (Spriggan Brigand)              Turns: 24898, Time: 03:01:25

Health: -5/70      AC:  5    Str:  7    XL:     13   Next: 64%
Magic:  14/14      EV: 25    Int: 12    God:
Gold:   985        SH: 13    Dex: 22    Spells: 11/12 levels left

rFire   . . .      SeeInvis +   e - +2 scimitar (elec)
rCold   + . .      Faith    .   L - +0 buckler
rNeg    . . .      Spirit   .   t - +2 robe {rC+}
rPois   +          Reflect  +   (helmet restricted)
rElec   .          Harm     .   c - +0 cloak
rCorr   +          Rampage  .   (gloves unavailable)
Will    ++...                   (boots unavailable)
Stlth   ++++++....              M - amulet of reflection
HPRegen 0.21/turn               E - ring of resist corrosion
MPRegen 0.14/turn               S - ring of poison resistance

@: very quick
A: very small, no large weapons, unfitting armour, see invisible, speed 3
a: no special abilities


You were on level 2 of the Orcish Mines.
You visited 4 branches of the dungeon, and saw 19 of its levels.
You also visited: Bailey.

You collected 2518 gold pieces.
You spent 1533 gold pieces at shops.

Inventory:

Hand Weapons
 d - a +2 dagger
 e - a +2 scimitar of electrocution (weapon)
 f - a +0 scimitar of flaming
 n - a +2 falchion of draining
 s - a +4 short sword
 y - the +0 sling of the Pariah {flame, rElec rC+ rN+ Int+4}
   (You found it on level 6 of the Lair of Beasts)

   Any ammunition fired from it burns those it strikes, dealing additional fire
   damage.
   Int:       It affects your intelligence (+4).
   rC:        It protects you from cold.
   rElec:     It insulates you from electricity.
   rN:        It protects you from negative energy.
Missiles
 j - an atropa-tipped dart (quivered)
 D - 8 boomerangs
Armour
 c - a +0 cloak (worn)
 t - a +2 robe of cold resistance (worn)
 F - a +2 robe of positive energy
 L - a +0 buckler (worn)
Jewellery
 r - an amulet of regeneration
 E - a ring of resist corrosion (left hand)
 K - a ring of protection from fire
 M - an amulet of reflection (around neck)
 N - a ring of protection from cold
 R - a ring of wizardry
 S - a ring of poison resistance (right hand)
Wands
 m - a wand of polymorph (1)
 H - a wand of digging (6)
 J - a wand of flame (9)
Scrolls
 b - a scroll of enchant armour
 l - 3 scrolls of silence
 o - 5 scrolls of amnesia
 q - 2 scrolls of vulnerability
 v - 5 scrolls of fog
 w - a scroll of blinking {unknown}
 B - 5 scrolls of teleportation
 G - 2 scrolls of enchant weapon {unknown}
 P - a scroll of immolation
 Q - a scroll of poison {unknown}
Potions
 h - 3 potions of haste
 i - 2 potions of mutation
 k - 6 potions of flight
 p - a potion of ambrosia {unknown}
 u - 6 potions of brilliance {unknown}
 x - a potion of lignification {unknown}
 z - a potion of cancellation {unknown}
 C - a potion of magic {unknown}
 I - a potion of might
 O - a potion of resistance {unknown}


   Skills:
 + Level 9.0 Fighting
 - Level 2.1(10.7) Short Blades
 * Level 12.6(12.7) Long Blades
 - Level 4.0 Throwing
 + Level 9.8 Dodging
 - Level 13.0 Stealth
 - Level 6.0 Shields
 - Level 10.0 Evocations


You had 11 spell levels left.
You knew the following spells:

 Your Spells              Type           Power      Damage    Failure   Level
g - Apportation           Tloc           0%         N/A       52%         1

Your spell library contained the following spells:

 Spells                   Type           Power      Damage    Failure   Level
 Magic Dart               Conj           0%         1d3       52%         1
 Necrotise                Necr           0%         1d4       52%         1
 Summon Small Mammal      Summ           0%         N/A       52%         1
 Blink                    Tloc           0%         N/A       67%         2
 Call Imp                 Summ           0%         N/A       67%         2
 Ensorcelled Hibernation  Hex/Ice        0%         N/A       67%         2
 Passwall                 Tmut/Erth      0%         N/A       67%         2
 Lesser Beckoning         Tloc           0%         N/A       88%         3
 Mephitic Cloud           Conj/Pois/Air  0%         N/A       88%         3
 Swiftness                Air            0%         N/A       88%         3
 Manifold Assault         Tloc           0%         N/A       100%        5


Dungeon Overview and Level Annotations

Branches:
Dungeon (10/15)            Temple (1/1) D:5            Lair (6/6) D:10
  Swamp (0/4) Lair:3        Snake (0/4) Lair:3        Slime (0/5) Lair:6
    Orc (2/2) D:10         Bailey (visited)
    Elf: Orc:2

Altars:
Ashenzari
Cheibriados
Dithmenos
Elyvilon
Fedhas
Gozag
Hepliaklqana
Makhleb
Nemelex Xobeh
Okawaru
Qazlal
Ru
Sif Muna
Trog
Uskayaw
Vehumet
Wu Jian
Xom
Yredelemnul
Zin
The Shining One
Jiyva

Shops:
D:1 =   D:4 *   D:8 *   D:10 *   Orc:2 (

Annotations:
D:5 3 runed translucent doors, paps's ghost, novice OpGl
D:6 Grinder
D:7 exclusion: two-headed ogre
D:9 exclusion: downstairs
Lair:3 exclusion: downstairs
Lair:5 exclusion: 2 wraiths
Lair:6 Rupert
Orc:1 1 runed translucent door
Orc:2 1 runed translucent door, CInkIbrahim's ghost, journeyman GrGl


Innate Abilities, Weirdness & Mutations

You are very small and have problems with some larger weapons.
You are too small for most types of armour.
You have supernaturally acute eyesight. (SInv)
You cover ground extremely quickly. (Speed+++)


Message History

The orc knight barely misses you.
You slash the orc knight!
Lightning courses through the orc knight!
The orc knight is heavily wounded.
The orc knight completely misses you.
You barely miss the orc knight.
The orc knight is heavily wounded.
You slash the orc knight!
The orc knight is severely wounded.
You block the orc knight's attack.
You hit the orc knight but do no damage.
Lightning courses through the orc knight!
The orc knight is severely wounded.
The orc knight closely misses you.
You slash the orc knight!
The orc knight is almost dead.
The orc knight hits you with a +0 great sword!!
You hit the orc knight.
The orc knight is almost dead.
The orc knight hits you with a +0 great sword!!
* * * LOW HITPOINT WARNING * * *
Unknown command.
Okay, then.
Press: ? - help, v - describe, . - travel
Here: an orc knight, wielding a +0 great sword and wearing a +0 plate armour (almost dead, poisoned)
The floor, spattered with blood.
Unknown command.
Unknown command.
Okay, then.
Unknown command.
Press: ? - help, v - describe, . - travel
Here: an orc knight, wielding a +0 great sword and wearing a +0 plate armour (almost dead, poisoned)
The floor, spattered with blood.
Aiming: Throw Flame
Press: ? - help, Shift-Dir - straight line, f/p - orc knight
Aim: an orc knight, wielding a +0 great sword and wearing a +0 plate armour (almost dead, poisoned, 78% to hit)
The puff of flame hits the orc knight.
The orc knight is almost dead.
The orc knight hits you with a +0 great sword!
You die...

####### ##..##.## #....[.)# ..
##..##.## ...# #.).### ...#
###)..# #...### #### ##.#.)##
##....... ##..##
#...@..###......._ #....##
##..o))##......... #...#.##
##.).............. ...#...#
##........)........ ....))#####
#..)...............
....)))##.####..............#...
......))))......................
.).).....)......#...............
##+##.##........................


You could see an orc knight (poisoned).

Vanquished Creatures
  2 hydras
  2 two-headed ogres
  2 orc high priests (Orc:2)
  Urug (Lair:1)
  Nergalle (Lair:4)
  Amaemon (Lair:2)
  A lindwurm (Orc:2)
  4 orc knights
  A mana viper (Lair:4)
  2 orc sorcerers (Orc:2)
  An elephant (Lair:6)
  5 centaur zombies (D:10)
  6 black mambas
  10 cane toads
  An orange demon (Lair:1)
  5 komodo dragons
  4 trolls
  A hornet (Lair:3)
  A tyrant leech (Lair:3)
  4 blink frogs
  A dream sheep (Lair:3)
  A vampire (D:10)
  3 basilisks
  3 shadows (D:10)
  44 yaks
  2 wraiths (D:10)
  Grum (Lair:1)
  Eustachio (D:4)
  A vampire mosquito (D:10)
  3 wargs
  Edmund (D:4)
  14 water moccasins
  2 swamp drakes (D:10)
  Duvessa (D:4)
  34 orc warriors
  A sky beast (D:6)
  2 black bears
  2 ice beasts
  8 ogres
  16 wolves
  6 centaurs
  3 phantoms
  6 bullfrogs
  A gnoll sergeant (D:7)
  A necrophage (D:5)
  4 scorpions
  3 wights (D:9)
  Dowan (D:4)
  4 killer bees
  6 howler monkeys
  An electric eel (Bailey)
  4 crimson imps (D:5)
  A hound (D:4)
  24 orc priests
  2 hell rats
  2 iguanas (D:5)
  21 orc wizards
  Robin (D:4)
  15 gnolls
  8 adders
  2 river rats (Lair:3)
  A shadow imp (D:7)
  A white imp (D:6)
  72 orcs
  7 bats
  11 endoplasms
  7 giant cockroaches
  22 goblins
  15 hobgoblins
  3 jackals (D:4)
  4 kobolds
  2 quokkas
  8 ball pythons
  7 frilled lizards
  13 rats
485 creatures vanquished.

Vanquished Creatures (collateral kills)
  A troll (D:10)
  A black bear (D:10)
  An orc warrior (Orc:2)
  A bullfrog (D:10)
  A scorpion (D:10)
  2 orc priests (Orc:2)
  An adder (D:6)
  An orc (Orc:2)
9 creatures vanquished.

Vanquished Creatures (others)
  A water moccasin (D:10)
  An orc warrior (Orc:2)
  An orc priest (Orc:2)
  A bush (Lair:1)
  107 fungi
  106 plants
  14 withered plants
231 creatures vanquished.

Grand Total: 725 creatures vanquished

Notes
Turn   | Place    | Note
-------+----------+-------------------------------------------
     0 | D:1      | RepoMan the Spriggan Brigand began the quest for the Orb.
     0 | D:1      | Reached XP level 1. HP: 10/10 MP: 2/2
   208 | D:1      | Reached skill level 1 in Long Blades
   208 | D:1      | Reached XP level 2. HP: 13/14 MP: 3/3
   451 | D:1      | Found Pafez's Jewellery Boutique.
   842 | D:2      | Reached XP level 3. HP: 18/18 MP: 4/4
  1010 | D:2      | Identified the +3 leather armour of Mirth {+Blink}
  1017 | D:2      | Found a faded altar of an unknown god.
  1575 | D:3      | Found a blossoming altar of Fedhas.
  1695 | D:3      | Reached XP level 4. HP: 23/23 MP: 5/5
  1783 | D:3      | Reached XP level 5. HP: 15/27 MP: 6/6
  2401 | D:4      | Noticed Edmund
  2434 | D:4      | Killed Edmund
  2435 | D:4      | Reached XP level 6. HP: 20/32 MP: 7/7
  2584 | D:4      | Found Egopteg's Assorted Antiques.
  2597 | D:4      | Bought a scroll labelled OHICWI UCOUK for 23 gold pieces
  2597 | D:4      | Bought a murky pink potion for 20 gold pieces
  2597 | D:4      | Bought a scroll labelled BOEMAE ETAHOZE for 23 gold pieces
  2597 | D:4      | Bought a scroll labelled ZEXYISAYTA for 23 gold pieces
  2928 | D:4      | Noticed Robin
  2933 | D:4      | Noticed Eustachio
  2940 | D:4      | Killed Eustachio
  3250 | D:4      | Noticed Duvessa
  3265 | D:4      | Noticed Dowan
  3286 | D:4      | Killed Duvessa
  3287 | D:4      | Reached skill level 5 in Dodging
  3287 | D:4      | Reached XP level 7. HP: 31/36 MP: 8/8
  3293 | D:4      | Killed Dowan
  3542 | D:4      | Killed Robin
  3732 | D:5      | Entered Level 5 of the Dungeon
  3737 | D:5      | Found a staircase to the Ecumenical Temple.
  3746 | Temple   | Entered the Ecumenical Temple
  4357 | D:5      | Found a shimmering altar of Xom.
  4363 | D:5      | Reached skill level 5 in Long Blades
  4670 | D:6      | Reached XP level 8. HP: 42/42 MP: 9/9
  4746 | D:6      | Found the +3 woodcutter's axe {vorpal}
  4752 | D:6      | Noticed Grinder
  4795 | D:7      | Found a burning altar of Makhleb.
  5115 | D:7      | Noticed a two-headed ogre
  5226 | D:7      | Found a broken altar of Ashenzari.
  5522 | D:7      | Reached skill level 5 in Fighting
  6150 | D:8      | Noticed a two-headed ogre
  6213 | D:8      | Found a sparkling altar of Nemelex Xobeh.
  6525 | D:8      | Killed a two-headed ogre
  6526 | D:8      | Reached XP level 9. HP: 48/48 MP: 10/10
  6798 | D:8      | Found Fueho's Assorted Antiques.
  7008 | D:8      | Bought a wand of acid (6) for 184 gold pieces
  7166 | D:9      | Reached skill level 1 in Evocations
  7684 | D:9      | Reached XP level 10. HP: 36/53 MP: 11/11
  7849 | D:9      | Found a hide-covered altar of Uskayaw.
  8045 | D:9      | Found a snail-covered altar of Cheibriados.
  8531 | D:9      | Reached skill level 1 in Shields
  8816 | D:10     | Entered Level 10 of the Dungeon
  8835 | D:10     | Found a glowing silver altar of Zin.
  8909 | D:10     | Found a flagged portal.
  8940 | Bailey   | Entered a bailey
  9603 | Bailey   | Acquired 850 gold pieces
  9865 | D:1      | Bought a ring of poison resistance for 240 gold pieces
  9865 | D:1      | Bought an amulet of regeneration for 360 gold pieces
 10117 | D:5      | Reached skill level 5 in Evocations
 10360 | D:5      | Found a runed translucent gate.
 10361 | D:5      | Found a runed translucent gate.
 10362 | D:5      | Found a runed translucent gate.
 10364 | D:5      | Noticed paps's ghost (novice OpGl)
 11188 | D:10     | Found Toant's Overcharged Wands.
 11354 | D:10     | Found a staircase to the Lair.
 11762 | Lair:1   | Entered Level 1 of the Lair of Beasts
 11782 | Lair:1   | Reached skill level 10 in Long Blades
 11782 | Lair:1   | Reached XP level 11. HP: 58/58 MP: 12/12
 11808 | Lair:1   | Noticed a seven-headed hydra
 11865 | Lair:1   | Reached skill level 6 in Stealth
 12156 | Lair:1   | Noticed Grum
 12187 | Lair:1   | Killed Grum
 13289 | D:10     | Found a staircase to the Orcish Mines.
 13520 | D:10     | Reached skill level 7 in Stealth
 13766 | Orc:1    | Entered Level 1 of the Orcish Mines
 13770 | Orc:1    | Noticed an orc knight
 14131 | D:10     | Bought a wand of acid (18) for 660 gold pieces
 15017 | Lair:1   | Reached skill level 5 in Shields
 15036 | Lair:1   | Noticed Urug
 15045 | Lair:1   | Killed Urug
 15365 | Lair:1   | Reached skill level 8 in Stealth
 15646 | Lair:2   | Noticed Amaemon
 15710 | Lair:2   | Killed Amaemon
 16464 | Lair:2   | Reached XP level 12. HP: 59/63 MP: 13/13
 16528 | Lair:2   | Reached skill level 9 in Stealth
 17023 | Lair:3   | Found a staircase to the Snake Pit.
 17083 | Lair:3   | Identified the +1 plate armour of Somewhere Else {Str+4
                  | Dex+4}
 17307 | Lair:3   | Noticed a six-headed hydra
 17461 | Lair:3   | Killed a six-headed hydra
 17462 | Lair:3   | Reached skill level 10 in Stealth
 17841 | Lair:3   | Found a staircase to the Swamp.
 18029 | Lair:3   | Noticed a boulder beetle
 18278 | Lair:4   | Noticed a six-headed hydra
 18564 | Lair:3   | Reached skill level 11 in Stealth
 18860 | Lair:4   | Noticed Nessos
 18876 | Lair:4   | Noticed Nessos
 18876 | Lair:4   | Nessos changed into Nessos the mana viper
 18894 | Lair:4   | Killed Nessos the mana viper
 19293 | Lair:4   | Noticed a six-headed hydra
 19431 | Lair:5   | Learned a level 1 spell: Apportation
 20174 | Lair:5   | Reached skill level 12 in Stealth
 20245 | Lair:5   | Noticed a four-headed hydra
 20254 | Lair:5   | Killed a four-headed hydra
 20468 | Lair:6   | Entered Level 6 of the Lair of Beasts
 20648 | Lair:6   | Noticed a four-headed hydra
 20662 | Lair:6   | Identified the +0 sling of the Pariah {flame, rElec rC+ rN+
                  | Int+4}
 20711 | Lair:6   | Noticed Rupert
 21129 | Lair:6   | Reached XP level 13. HP: 68/68 MP: 14/14
 21206 | Lair:6   | Reached skill level 10 in Evocations
 21268 | Lair:6   | Noticed a dire elephant
 21275 | Lair:6   | Noticed a dire elephant
 21276 | Lair:6   | Noticed a dire elephant
 21292 | Lair:6   | Noticed a dire elephant
 21345 | Lair:6   | Found a staircase to the Slime Pits.
 21346 | Lair:6   | Found a viscous altar of Jiyva.
 21431 | Lair:4   | Noticed Nergalle
 21442 | Lair:4   | Killed Nergalle
 22865 | Orc:1    | Reached skill level 13 in Stealth
 23044 | Orc:1    | Found a runed translucent door.
 23050 | Orc:1    | Noticed a balrug
 23171 | Orc:2    | Entered Level 2 of the Orcish Mines
 23475 | Orc:2    | Found Doeplut's Antique Weapon Emporium.
 23485 | Orc:2    | Found a runed translucent door.
 23598 | Orc:2    | Found a shimmering altar of Xom.
 23598 | Orc:2    | Noticed CInkIbrahim's ghost (journeyman GrGl)
 24375 | Orc:2    | Found a burning altar of Makhleb.
 24898 | Orc:2    | Slain by an orc knight

Illustrated notes

Levels and vault maps discovered:
D:1:      lemuel_arrival_broad_hall, layout_basic, serial_shops,
          nicolae_shop_stone, corexii_leaking_fountain, nrook_mini_backslash
D:2:      layout_rooms, dreamdust_ecumenical_altar_statues,
          amcnicky_mini_corridor_feature
D:3:      layout_basic, mainiacjoe_overflow_surrounded_room
D:4:      layout_basic, serial_shops, nicolae_stop_n_shop_2, minivault_1,
          minivault_4, hex_medium, hangedman_decor_slide_cut,
          kennysheep_generic_room_7, uniq_robin, uniq_eustachio, uniq_duvessa,
          uniq_edmund
D:5:      layout_basic, led_xom_imps, minmay_temple_entry_stoned_glass,
          gammafunk_ghost_split
D:6:      layout_rooms, lemuel_mausoleum_altar_kikubaaqudgha, uniq_grinder,
          uniq_crazy_yiuf_cottage
D:7:      layout_gridville, mainiacjoe_overflow_chevrons, amcnicky_altar_gilded,
          chequers_serial_rivers_micro_c
D:8:      layout_rooms, nemelex_altar_shiori, serial_shops,
          nicolae_inconvenience_store
D:9:      layout_loops_corners, mainiacjoe_overflow_six_doors_small,
          lemuel_tele_altar
D:10:     layout_roguey, mainiacjoe_overflow_cross_hatched,
          due_lair_maze_entry_diamond, erik_orc_1, enter_bailey_3,
          serial_undead, serial_undead_c, serial_undead_a, serial_undead_a,
          serial_undead_f, nicolae_shop_overcharged_wands
Temple:   nicolae_temple_figure_eight
Lair:1:   layout_concentric_octagons, uniq_urug, uniq_grum
Lair:2:   layout_cave_pods, uniq_amaemon
Lair:3:   layout_cave_pods, minmay_swamp_entry_worms,
          minmay_snake_entry_six_corridors, kennysheep_abandoned_house
Lair:4:   layout_misc_corridors, uniq_nessos, uniq_nergalle
Lair:5:   layout_cave_pods, uniq_josephine
Lair:6:   due_jungle_book, layout_cave_pods, slime_entry_1,
          lemuel_centaur_altar, uniq_rupert
Orc:1:    dreamdust_dug_too_deep, layout_diamond_mine
Orc:2:    grunt_orc_gardens, layout_caves, grunt_orc_garden, grunt_orc_garden,
          grunt_orc_garden, grunt_orc_garden, ebering_ghost_xom, bloody_makhleb

Skill      XL: |  1  2  3  4  5  6  7  8  9 10 11 12 13 |
---------------+----------------------------------------+-----
Long Blades    | 1 2 3 4 5 8 10 11 12 | 12.6
Dodging        | 2 3 4 5 6 7 8 9 |  9.8
Fighting       | 2 3 4 5 6 7 8 9 |  9.0
Evocations     | 3 6 8 9 10 | 10.0
Shields        | 3 5 6 |  6.0
Stealth        | 8 12 13 | 13.0
Throwing       | 4 |  4.0
Short Blades   | |  2.1

Action                   |  1- 3 |  4- 6 |  7- 9 | 10-12 | 13-15 || total
-------------------------+-------+-------+-------+-------+-------++-------
Melee: Dagger            |   103 |    81 |   103 |   224 |    14 ||   525
       Punch             |     1 |       |     1 |       |       ||     2
       Rapier            |       |    20 |   190 |    24 |       ||   234
       Short sword       |       |       |       |   939 |       ||   939
       Scimitar          |       |       |       |    87 |   312 ||   399
       Long sword        |       |       |       |    28 |       ||    28
       Falchion          |       |       |       |       |    23 ||    23
 Fire: Shortbow          |       |       |   111 |    25 |       ||   136
       Sling             |       |       |       |     6 |       ||     6
Throw: Dart              |    11 |    31 |    61 |    84 |    54 ||   241
       Boomerang         |       |       |       |    31 |     6 ||    37
Evoke: Wand              |       |     3 |    11 |    47 |    12 ||    73
  Use: Scroll            |       |     4 |     6 |    10 |     2 ||    22
       Potion            |       |       |     1 |     9 |     4 ||    14
 Stab: Sleeping          |    19 |    12 |     7 |    18 |     3 ||    59
       Distracted        |       |       |     1 |     4 |     4 ||     9
       Invisible         |       |       |     1 |     2 |     2 ||     5
       Betrayed ally     |       |       |       |     1 |     1 ||     2
Armor: Robe              |     5 |     9 |    24 |    43 |    13 ||    94
Dodge: Dodged            |    39 |    65 |   241 |   571 |   148 ||  1064
Block: Buckler           |       |       |       |   577 |   168 ||   745
       Reflection        |       |       |       |     3 |     6 ||     9

Table legend: (Time is in decaauts)
 A = Elapsed time spent in this place.
 B = Non-inter-level travel time spent in this place.
 C = Inter-level travel time spent in this place.
 D = Time resting spent in this place.
 E = Time spent auto-exploring this place.
 F = Levels seen in this place.
 G = Mean time per level.
                   A        B        C        D        E       F      G
               +--------+--------+--------+--------+--------+-----+--------+
         Total |  18782 |  18027 |    755 |   6594 |   3344 |  20 |  939.1 |
       Dungeon |  10254 |   9789 |    465 |   3076 |   2517 |  10 | 1025.4 |
        Temple |     76 |     73 |      3 |      0 |      0 |   1 |   76.0 |
          Lair |   5581 |   5339 |    242 |   2209 |    718 |   6 |  930.2 |
  Orcish Mines |   2297 |   2253 |     44 |   1041 |    109 |   2 | 1148.5 |
        Bailey |    572 |    572 |      0 |    267 |      0 |   1 |  572.0 |
               +--------+--------+--------+--------+--------+-----+--------+

Top non-repeatable levels by time:
    D:10: 3007 daAuts
  Lair:3: 1634 daAuts
   Orc:2: 1415 daAuts
     D:9: 1269 daAuts
     D:5: 1139 daAuts
  Lair:5: 1135 daAuts
  Lair:1: 1029 daAuts
     D:4: 1018 daAuts
     D:7: 966 daAuts
     D:8: 895 daAuts
   Orc:1: 882 daAuts
  Lair:2: 835 daAuts
     D:3: 756 daAuts
  Bailey: 572 daAuts
     D:1: 547 daAuts
